AoeStats
← Efthiron

Arabia

504516042Analyzed
1v1 RM · 28d ago on Sep 5, 2026· 47m 37s· 2 players
Game mode
Random Map
Map size
Tiny (2 player)
Population
200
Speed
Normal
Resources
Standard
Victory
Conquest
Starting age
Dark Age
Ending age
Imperial Age
RankedLock teamsTeams togetherTeam positionsShared explorationLock speedFull tech treeHidden civsTurbo modeCheats
Victory
Defeat
🇲🇽 Mongols · Mexico
1248
+16
🇲🇽 Wei · Mexico
1250
-16
Efthiron
6:43 Loom
8:48 Feudal Age
12:17 Double-Bit Axe
21:20 Castle Age
19:43 Scale Barding Armor
20:32 Forging
20:18 Gold Mining
20:25 Horse Collar
21:04 Bloodlines
22:32 Wheelbarrow
25:15 Town Watch
26:30 Chain Barding Armor
31:00 Iron Casting
41:17 Imperial Age
39:26 Fletching
42:01 Husbandry
43:28 Blast Furnace
42:40 Heavy Camel Rider
44:57 Bodkin Arrow
45:40 Bracer
47:09 Gold Shaft Mining
47:23 Ballistics
Smallville
6:02 Loom
9:47 Feudal Age
11:00 Town Watch
11:59 Double-Bit Axe
12:25 Horse Collar
15:04 Fletching
23:21 Castle Age
22:31 Gold Mining
22:56 Bloodlines
24:15 Bow Saw
24:19 Town Patrol
26:29 Bodkin Arrow
29:05 Wheelbarrow
32:12 Hand Cart
35:21 Scale Barding Armor
37:45 Husbandry
39:00 Chain Barding Armor
39:23 Forging
44:43 Imperial Age
42:52 Iron Casting
44:42 Padded Archer Armor
45:28 Bracer
44:58 Heavy Hei Guang Cavalry
46:18 Leather Archer Armor
47:40 Blast Furnace
47:15 Parthian Tactics
48:40 Chemistry
Connection lost

Rejoining the realm…

Still unreachable

The connection could not be restored.

Session expired

The server has moved on; the page needs a fresh start.